 Dungeon Crawl Stone Soup version 0.28-a0-779-g3d1f99b579 (webtiles) character file.

Game seed: 12581700590479804572

241313 freelancePsychic the Zephyrmancer (level 19, -4/128 HPs)
             Began as a Demonspawn Hedge Wizard on Nov 2, 2021.
             Was a High Priest of Ashenzari.
             Slain by a +8 glaive of venom (27 damage)
             ... on level 3 of the Elven Halls.
             The game lasted 01:57:13 (42858 turns).

freelancePsychic the Zephyrmancer (DsWz)           Turns: 42858, Time: 01:57:14

Health: -4/128     AC: 15    Str: 12 (14) XL:     19   Next: 7%
Magic:  0/38       EV: 24    Int: 27      God:    Ashenzari [*****.]
Gold:   959        SH:  8    Dex: 14      Spells: 13/48 levels left

rFire   . . .      SeeInvis +   h - +3 dagger of the Shattered Malaise {elec, Evo, Elem} (curse)
rCold   + . .      Faith    .   (no shield)
rNeg    . . .      Spirit   +   C - +3 leather armour of Ashenzari's Chagrin {rElec Regen+, Fort, Cun} (curse)
rPois   +          Reflect  .   A - +2 helmet "Ruined Jealousy" {Will+, Self, Elem} (curse)
rElec   +          Harm     .   e - +2 cloak of the Celestial Malaise {Will+, Elem, Fort} (curse)
rCorr   .          Rampage  .   (gloves unavailable)
Will    +++..      Clarity  +   H - +2 pair of boots of the Astral Omen {rPois Stlth+, Bglg, Self} (curse)
Stlth   +++.......              L - amulet of the Air {Inacc Air Fly rElec RMsl, Bglg, Range} (curse)
HPRegen 1.31/turn               l - ring "Yoke of Ashenzari" {EV+4, Cun, Bglg} (curse)
MPRegen 0.52/turn               U - ring "Shackled Idealism" {Drain rPois rC+ Str+3 Int+9, Elem, Evo} (curse)

@: flying, very slightly contaminated, studying 2 skills, repel missiles
A: large bone plates 3, foul stench 3, magic shield, magic regeneration, demonic
touch 3, [berserk 2], [deterioration 1], [dopey 2], [frail 2]
}: 1/15 runes: gossamer
a: Renounce Religion, Shatter the Chains


You were on level 3 of the Elven Halls.
You worshipped Ashenzari.
Ashenzari was extremely pleased with you.
You visited 5 branches of the dungeon, and saw 30 of its levels.
You visited the Abyss 1 time.
You also visited: Gauntlet and Desolation.

You collected 3081 gold pieces.
You spent 2122 gold pieces at shops.

Inventory:

Hand Weapons
 a - a +0 dagger
 h - the cursed +3 dagger of the Shattered Malaise (weapon) {elec, Evo, Elem}
   (You took it off a kobold on level 1 of the Dungeon)

   It occasionally discharges a powerful burst of electricity upon striking a
   foe.
   It has a curse which improves the following skills: Evocations: Evocations.
   Elements:  Fire Magic, Ice Magic, Air Magic and Earth Magic.
 R - the +9 rapier of Ragnarok {vorpal, Contam rN+ Str+6 Dex+3}
   (You found it on level 5 of the Lair of Beasts)

   It inflicts extra damage upon your enemies.
   Str:       It affects your strength (+6).
   Dex:       It affects your dexterity (+3).
   rN:        It protects you from negative energy.
   Contam:    It causes magical contamination when unequipped.
Missiles
 g - 153 poisoned darts
Armour
 e - the cursed +2 cloak of the Celestial Malaise (worn) {Will+, Elem, Fort}
   (You took it off Maurice on level 2 of the Orcish Mines)

   It has a curse which improves the following skills: Elements: Fire Magic, Ice
   Magic, Air Magic and Earth Magic.
   Fortitude: Armour and Shields.
 A - the cursed +2 helmet "Ruined Jealousy" (worn) {Will+, Self, Elem}
   (You bought it in a shop on level 2 of the Orcish Mines)

   Will:      It increases your willpower.
   It has a curse which improves the following skills: Introspection: Fighting
   and Spellcasting.
   Elements:  Fire Magic, Ice Magic, Air Magic and Earth Magic.
 C - the cursed +3 leather armour of Ashenzari's Chagrin (worn) {rElec Regen+, Fort, Cun}
   (You found it in the Desolation of Salt)

   rElec:     It insulates you from electricity.
   Regen:     It increases your rate of health regeneration.
   It has a curse which improves the following skills: Fortitude: Armour and
   Shields.
   Cunning:   Dodging and Stealth.
 H - the cursed +2 pair of boots of the Astral Omen (worn) {rPois Stlth+, Bglg, Self}
   (You found it in a Gauntlet)

   rPois:     It protects you from poison.
   Stlth:     It makes you more stealthy.
   It has a curse which improves the following skills: Beguiling: Conjurations,
   Hexes and Translocations.
   Introspection: Fighting and Spellcasting.
Magical Staves
 p - a staff of earth
 r - a staff of fire
Jewellery
 j - the amulet "Fyurph" {rF+ Regen+ MP+9 Str+3}
   (You found it in the Desolation of Salt)

   [amulet of regeneration]

   Str:       It affects your strength (+3).
   rF:        It protects you from fire.
   MP:        It affects your magic capacity (+9).
   Regen:     It increases your rate of health regeneration.
 l - the cursed ring "Yoke of Ashenzari" (left hand) {EV+4, Cun, Bglg}
   (You found it on level 4 of the Dungeon)

   [ring of evasion]

   EV:        It affects your evasion (+4).
   It has a curse which improves the following skills: Cunning: Dodging and
   Stealth.
   Beguiling: Conjurations, Hexes and Translocations.
 w - a ring of magical power
 D - an amulet of the acrobat
 L - the cursed amulet of the Air (around neck) {Inacc Air Fly rElec RMsl, Bglg, Range}
   (You bought it in a shop on level 2 of the Orcish Mines)

   [amulet of nothing]

   It reduces the accuracy of all your attacks.
   It enhances your air magic.
   rElec:     It insulates you from electricity.
   Fly:       It grants you flight.
   RMsl:      It protects you from missiles.
   It has a curse which improves the following skills: Beguiling: Conjurations,
   Hexes and Translocations.
   Ranged Combat: Slings, Bows, Crossbows and Throwing.
 N - a ring of protection from cold
 S - a ring of fire
 T - a +6 ring of dexterity
 U - the cursed ring "Shackled Idealism" (right hand) {Drain rPois rC+ Str+3 Int+9, Elem, Evo}
   (You bought it in a shop on level 2 of the Orcish Mines)

   [ring of poison resistance]

   Str:       It affects your strength (+3).
   Int:       It affects your intelligence (+9).
   rC:        It protects you from cold.
   rPois:     It protects you from poison.
   Drain:     It drains your maximum health when unequipped.
   It has a curse which improves the following skills: Elements: Fire Magic, Ice
   Magic, Air Magic and Earth Magic.
   Evocations: Evocations.
 W - the ring of Doubts {rN++ rCorr AC+4 Str-4}
   (You found it in the Desolation of Salt)

   [ring of protection]

   AC:        It affects your AC (+4).
   Str:       It affects your strength (-4).
   rN:        It greatly protects you from negative energy.
   rCorr:     It protects you from acid and corrosion.
 X - a ring of fire
 Z - a ring of protection from cold
Wands
 b - a wand of acid (18)
 v - a wand of paralysis (9)
 x - a wand of charming (16)
 z - a wand of polymorph (35)
 B - a wand of iceblast (5)
 I - a wand of flame (115)
Scrolls
 i - 4 scrolls of summoning
 k - 3 scrolls of brand weapon
 o - 3 scrolls of amnesia
 s - 4 scrolls of enchant armour
 u - 6 scrolls of teleportation {@r4}
 y - 5 scrolls of fog
 F - 4 scrolls of fear
 K - 3 scrolls of magic mapping
 M - 3 scrolls of enchant weapon
 O - 2 scrolls of silence
Potions
 c - 5 potions of curing {@q1}
 d - 11 potions of might
 f - 3 potions of resistance
 m - a potion of heal wounds {@q2}
 n - 5 potions of cancellation
 q - a potion of berserk rage
 t - 4 potions of haste {@q3}
 E - 5 potions of flight
 G - 4 potions of mutation
 Y - 3 potions of ambrosia
Miscellaneous
 Q - a condenser vane


   Skills:
 + Level 13.1(17.2) Fighting
 - Level 10.0 Short Blades
 - Level 14.3(18.4) Dodging
 - Level 1.7(4.5) Stealth
 + Level 12.5(16.6) Shields
 - Level 10.8(15.0) Spellcasting
 + Level 6.9(12.3) Conjurations
 - Level 1.3(4.5) Hexes
 - Level 1.0 Summonings
 - Level 8.4 Necromancy
 - Level 0.8(3.3) Translocations
 - Level 5.5 Transmutations
 - Level 14.3(21.0) Air Magic
 - Level 7.0(13.4) Earth Magic
 - Level 6.0 Poison Magic
 - Level 3.1(6.6) Evocations


You had 13 spell levels left.
You knew the following spells:

 Your Spells              Type           Power      Damage    Failure   Level
a - Magic Dart            Conj           100%       1d8       1%          1
b - Mephitic Cloud        Conj/Pois/Air  95%        N/A       1%          3
c - Airstrike             Air            58%        N/A       0%          4
d - Olgreb's Toxic Radia  Pois           52%        N/A       2%          4
e - Borgnjor's Vile Clut  Necr/Erth      34%        N/A       1%          5
f - Maxwell's Capacitive  Air            58%        ∞         3%          8
g - Freezing Cloud        Conj/Ice/Air   44%        6-21      1%          5
h - Irradiate             Conj/Tmut      31%        3d24      2%          5

Your spell library contained the following spells:

 Spells                   Type           Power      Damage    Failure   Level
 Shock                    Conj/Air       100%       1d9       0%          1
 Corpse Rot               Necr/Air       100%       N/A       0%          2
 Static Discharge         Conj/Air       100%       N/A       0%          2
 Swiftness                Air            100%       N/A       0%          3
 Foxfire                  Conj/Fire      100%       2x1d9     1%          1
 Slow                     Hex            100%       N/A       1%          1
 Sting                    Tmut/Pois      100%       1d8       1%          1
 Blink                    Tloc           76%        N/A       1%          2
 Passwall                 Tmut/Erth      53%        N/A       1%          2
 Poisonous Vapours        Pois/Air       100%       N/A       1%          2
 Searing Ray              Conj           100%       2d8       1%          2
 Sublimation of Blood     Necr           60%        N/A       1%          2
 Conjure Flame            Conj/Fire      54%        6-21      1%          3
 Ignite Poison            Fire/Tmut/Pois 42%        N/A       1%          3
 Portal Projectile        Hex/Tloc       82%        N/A       1%          3
 Animate Dead             Necr           30%        N/A       1%          4
 Dispel Undead            Necr           60%        3d21      1%          4
 Flame Wave               Conj/Fire      54%        3d10      1%          4
 Fulminant Prism          Conj/Hex       30%        3d16      1%          4
 Leda's Liquefaction      Hex/Erth       31%        N/A       1%          4
 Petrify                  Tmut/Erth      64%        N/A       1%          4
 Sticky Flame             Conj/Fire      54%        2d7       1%          4
 Summon Lightning Spire   Summ/Air       88%        N/A       1%          4
 Lightning Bolt           Conj/Air       52%        1d74      1%          5
 Gell's Gravitas          Tloc           38%        N/A       2%          3
 Lesser Beckoning         Tloc           38%        N/A       2%          3
 Teleport Other           Tloc           38%        N/A       2%          3
 Agony                    Necr           60%        N/A       2%          5
 Excruciating Wounds      Necr           30%        N/A       2%          5
 Call Imp                 Summ           25%        N/A       3%          2
 Inner Flame              Hex/Fire       35%        N/A       3%          3
 Summon Guardian Golem    Hex/Summ       35%        N/A       3%          3
 Call Canine Familiar     Summ           25%        N/A       6%          3
 Alistair's Intoxication  Tmut/Pois      34%        N/A       9%          5
 Statue Form              Tmut/Erth      42%        N/A       11%         6
 Death Channel            Necr           30%        N/A       16%         6
 Summon Ice Beast         Ice/Summ       25%        N/A       22%         4
 Metabolic Englaciation   Hex/Ice        17%        N/A       28%         5
 Summon Mana Viper        Hex/Summ       35%        N/A       28%         5
 Summon Forest            Summ/Tloc      16%        N/A       36%         5
 Eringya's Noxious Bog    Tmut/Pois      25%        N/A       43%         6
 Summon Cactus Giant      Summ           12%        N/A       97%         6
 Haunt                    Necr/Summ      22%        N/A       99%         7
 Infestation              Necr           30%        N/A       100%        8
 Fire Storm               Conj/Fire      27%        8d7       100%        9


Dungeon Overview and Level Annotations

Branches:
Dungeon (15/15)            Temple (0/1) D:6            Lair (6/6) D:11
 Shoals (0/4) Lair:4       Spider (4/4) Lair:2        Slime (0/5) Lair:5
    Orc (2/2) D:10            Elf (3/3) Orc:2        Vaults (0/5) D:13
 Depths (0/4) D:15        Desolation (visited)      Gauntlet (visited)

Altars:
Ashenzari
Cheibriados
Elyvilon
Fedhas
Gozag
Hepliaklqana
Kikubaaqudgha
Nemelex Xobeh
Okawaru
Qazlal
Sif Muna
Trog
Uskayaw
Vehumet
Wu Jian
Xom
Zin
The Shining One
Beogh
Jiyva

Shops:
D:11 :   Orc:2 *[!=?

Portals:
Trove: Elf:1 (give +2 ice dragon scales)

Annotations:
D:13 3 runed translucent doors, josh86's ghost, journeyman BaIE
Elf:2 6 runed translucent doors


Innate Abilities, Weirdness & Mutations

You are completely covered in large bone plates. (SH +8)
You frequently emit foul miasma when damaged in melee.
When hurt, damage is shared between your health and your magic reserves.
You regenerate magic rapidly.
Your touch may irresistibly damage your foes and sap their willpower.
[You often lose your temper in combat.]
[Your body sometimes deteriorates upon taking damage.]
[You are very dopey. (Int -4)]
[You are very frail. (-20% HP)]


Message History

The harpy skeleton completely misses you.
The harpy skeleton misses you.
There is a gateway leading out of the Abyss here.
The harpy skeleton barely misses you. You block the harpy skeleton's attack.
The harpy skeleton misses you.
The harpy skeleton completely misses you.
You pass through the gate.
Welcome back to the Elven Halls!
The +8 glaive of venom hits you from afar!
Casting: Irradiate (dangerous; 2% risk of failure)
Confirm with . or Enter, or press ? or * to list all spells.
Aiming: Borgnjor's Vile Clutch (mildly dangerous; 1% risk of failure)
Press: ? - help, Shift-Dir - straight line, f - +8 glaive of venom
Aim: a +8 glaive of venom (100% to hit)
Okay, then.
Casting: Borgnjor's Vile Clutch (mildly dangerous; 1% risk of failure)
Confirm with . or Enter, or press ? or * to list all spells.
Casting: Maxwell's Capacitive Coupling (dangerous; 3% risk of failure)
Press: ? - help, Dir - look around, f - activate You feel a surge of power!
You begin accumulating electric charge. (Press . to continue charging.)
You feel charge building up...
The +8 glaive of venom hits you from afar!
You feel charge building up...
The +8 glaive of venom hits you from afar.
You feel charge building up...
The +8 glaive of venom hits you from afar!
You are poisoned.
You feel charge building up...
You feel very sick.
The +8 glaive of venom hits you from afar!!
* * * LOW HITPOINT WARNING * * *
You are more poisoned.
The +8 glaive of venom hits you from afar!!
* * * LOW HITPOINT WARNING * * *
You are more poisoned.
You feel better.
The insufficient charge dissipates harmlessly.
The +8 glaive of venom hits you from afar!!
You die...

.## *#.# ##...###### *
, #.#
#.######.######### *
,, ,
.....................,
,, *
#.########.#.#######*
,, * #.#*
*###.##.#....# , * *
#. , *##.###.....#
,,,* * * ,
#.####)...#**. ,, , ,
** #.####....##.# ,*,
* *#.###@......#* *
,,, ,,8*##.###.....##
** , * , * *,
.e##(....# * , ,*, '*
,.......e....... * ,*,
*,, e......[...##.#
*,* * *
**,,....###.)### #.* *
* *##. .##. * ,, ,, #
** # #.* * , **** ***,
** * # ** * ***


You could see a deep elf sorcerer, a deep elf knight and a +8 glaive of venom.

Vanquished Creatures
  Nikola (Spider:4)
  The ghost of Gerad the Fencer, a veteran VSAK of Lugonu (Elf:1)
  Rupert (Lair:5)
  The ghost of Beorghan the Bludgeoner, an adept MiBe of Trog (Spider:4)
  The ghost of Plog the Bludgeoner, an adept MiBe of Trog (Spider:4)
  A tentacled starspawn (Abyss:2)
  The ghost of blank1 the Slayer, an adept MiFi of Okawaru (Orc:2)
  The ghost of frimble the Fighter, a journeyman TrWr of Cheibriados (Elf:1)
  The ghost of Jomugh the Phalangite, an adept MfAM of Okawaru (Spider:3)
  2 deep elf sorcerers
  A cacodemon (Abyss:2)
  A ghost moth (Spider:4)
  4 imperial myrmidons (Desolation)
  Louise (Elf:1)
  Aizul (Spider:1)
  2 angels (Elf:1)
  A deep elf elementalist (Elf:3)
  11 emperor scorpions
  A very ugly thing (Abyss:2)
  A deep elf demonologist (Elf:2)
  6 starcursed masses (Abyss:2)
  4 dire elephants (Lair:6)
  3 entropy weavers
  A minotaur (Gauntlet)
  A halazid warlock (Desolation)
  A crystal guardian (Desolation)
  A merfolk javelineer (Orc:2)
  9 servants of whispers (Desolation)
  7 ragged hierophants (Desolation)
  10 hydras
  A rakshasa (D:15)
  5 boulder beetles
  4 peacekeepers (Desolation)
  4 ogre magi (Orc:2)
  2 catoblepae
  4 centaur warriors
  16 two-headed ogres
  2 alligators (D:12)
  3 tengu warriors
  6 death yaks
  15 dancing weapons
  A spectral dire elephant (Lair:6)
  2 orc high priests
  8 deep elf knights
  3 thrashing horrors (Abyss:2)
  A shock serpent (shapeshifter) (D:13)
  A wretched star (Abyss:2)
  Nergalle (Lair:2)
  A fire crab (D:12)
  9 skeletal warriors
  A spectral anaconda (Lair:6)
  A deep troll (D:13)
  11 deep elf archers
  An obsidian statue (Lair:6)
  A glowing orange brain (D:15)
  An ironbound convoker (Desolation)
  A lindwurm (D:13)
  4 necromancers (Lair:6)
  19 deep elf zephyrmancers
  24 wolf spiders
  4 oklob plants
  An orc knight (D:15)
  29 deep elf pyromancers
  18 orb spiders
  6 cyclopes
  5 orc sorcerers
  5 manticores
  2 moths of wrath (Spider:4)
  26 ugly things
  Maurice (Orc:2)
  5 centaur zombies
  23 elephants
  A worldbinder (Abyss:2)
  A naga zombie (Abyss:2)
  A molten gargoyle (Desolation)
  2 guardian serpents (Desolation)
  A gargoyle (D:11)
  6 torpor snails
  5 black mambas
  17 cane toads
  A smoke demon (Abyss:2)
  A cane toad (shapeshifter) (Elf:1)
  A hellion (Abyss:2)
  2 kobold demonologists
  A dire elephant skeleton (Lair:6)
  Psyche (D:8)
  2 unseen horrors (shapeshifter)
  3 unseen horrors (D:12)
  3 rime drakes
  A yaktaur (D:15)
  5 komodo dragons
  19 demonic crawlers
  2 ancient zymes (Abyss:2)
  2 freezing wraiths (D:14)
  5 trolls
  3 polar bears
  A harpy zombie (Abyss:2)
  35 jumping spiders
  A wind drake (Lair:4)
  6 meliai (D:15)
  A wind drake (shapeshifter) (D:13)
  5 hornets
  5 large abominations (Abyss:2)
  43 saltlings (Desolation)
  9 slime creatures
  23 blink frogs
  3 spectral elephants (Lair:6)
  A slime creature (shapeshifter) (Elf:2)
  15 dream sheep
  A centaur simulacrum (D:15)
  A flying skull (Gauntlet)
  3 vampires
  A tarantella (shapeshifter) (D:15)
  3 small abominations (Abyss:2)
  28 tarantellas
  A wraith (D:12)
  53 redbacks
  5 water elementals
  4 fire bats
  6 basilisks
  23 yaks
  A human (shapeshifter) (D:15)
  6 fire elementals
  6 wyverns
  5 vampire mosquitoes
  A neqoxec (Abyss:2)
  2 steam dragons
  2 wargs
  12 water moccasins
  15 orc warriors
  A sky beast (D:6)
  An elephant zombie (Lair:6)
  An ice beast (D:8)
  2 black bears
  2 necrophages
  7 centaurs
  11 wolves
  27 ogres
  A phantom (D:5)
  16 bullfrogs
  8 kobold brigands (D:12)
  A gnoll sergeant (D:6)
  3 earth elementals
  5 scorpions
  8 killer bees
  4 wights (D:5)
  5 electric eels
  3 vampire bats (D:12)
  4 howler monkeys (D:12)
  3 bullfrog zombies
  A lava snake (Lair:2)
  3 quasits (Abyss:2)
  9 jellies
  2 bullfrog skeletons
  4 orc priests
  A centaur skeleton (D:7)
  4 iguanas
  An iron imp (Abyss:2)
  10 orc wizards
  4 hell rats (Lair:3)
  13 gnolls
  4 adders
  2 shadow imps (D:12)
  2 ufetubi (Abyss:2)
  A worm (D:2)
  3 dart slugs
  53 orcs
  6 ball pythons
  15 endoplasms
  9 giant cockroaches
  10 goblins
  6 hobgoblins
  2 quokkas
  11 bats
  12 frilled lizards
  26 kobolds
  7 kobold skeletons (D:12)
  11 kobold zombies (D:12)
  4 rats
1118 creatures vanquished.

Vanquished Creatures (others)
  Erica (D:8)
  A flayed ghost (Abyss:2)
  A deep elf zephyrmancer (Elf:1)
  A hornet (Gauntlet)
  An air elemental (Elf:2)
  A water elemental (Elf:2)
  A bullfrog (D:7)
  A killer bee (D:10)
  4 demonic plants (Gauntlet)
  80 fungi
  104 plants
  5 starspawn tentacles (Abyss:2)
  16 withered plants (Lair:6)
217 creatures vanquished.

Grand Total: 1335 creatures vanquished

Notes
Turn   | Place    | Note
-------+----------+-------------------------------------------
     0 | D:1      | freelancePsychic the Demonspawn Hedge Wizard began the
                  | quest for the Orb.
     0 | D:1      | Reached XP level 1. HP: 13/13 MP: 4/4
   142 | D:1      | Gained mutation: You regenerate magic rapidly. [demonic
                  | ancestry]
   142 | D:1      | Reached XP level 2. HP: 15/20 MP: 3/6
   509 | D:1      | Reached skill level 1 in Fighting
   512 | D:1      | Reached skill level 1 in Short Blades
   932 | D:2      | Reached XP level 3. HP: 26/26 MP: 3/7
  1575 | D:3      | Found a broken altar of Ashenzari.
  1630 | D:3      | Found an iron altar of Okawaru.
  1648 | D:2      | Gained mutation: You may rarely emit foul miasma when
                  | damaged in melee. [demonic ancestry]
  1648 | D:2      | Reached XP level 4. HP: 10/33 MP: 8/8
  2029 | D:3      | Became a worshipper of Ashenzari the Shackled
  2430 | D:3      | Found a faded altar of an unknown god.
  2578 | D:4      | Reached XP level 5. HP: 33/38 MP: 9/9
  2907 | D:4      | Noticed an ogre
  2914 | D:4      | Killed an ogre
  3088 | D:4      | Found a radiant altar of Vehumet.
  3302 | D:4      | Gained mutation: Your touch may inflict minor irresistible
                  | damage on your foes. [demonic ancestry]
  3302 | D:4      | Reached XP level 6. HP: 21/46 MP: 9/11
  3590 | D:5      | Entered Level 5 of the Dungeon
  3728 | D:5      | Reached * piety under Ashenzari
  3745 | D:5      | Noticed a water moccasin
  3755 | D:5      | Killed a water moccasin
  3756 | D:5      | Gained mutation: You are partially covered in large bone
                  | plates. (SH +4) [demonic ancestry]
  3756 | D:5      | Reached XP level 7. HP: 36/52 MP: 8/12
  3851 | D:5      | Found a sparkling altar of Nemelex Xobeh.
  3887 | D:5      | Reached skill level 5 in Short Blades
  4315 | D:5      | Found a bloodstained altar of Trog.
  4371 | D:5      | Reached ** piety under Ashenzari
  4758 | D:5      | Gained mutation: You sometimes emit foul miasma when
                  | damaged in melee. [demonic ancestry]
  4758 | D:5      | Reached XP level 8. HP: 61/61 MP: 14/14
  4806 | D:5      | Found an ornate altar of the Wu Jian Council.
  4984 | D:6      | Found a staircase to the Ecumenical Temple.
  5289 | D:6      | Identified the Incunabulum of Air
  5485 | D:6      | Reached skill level 5 in Spellcasting
  5485 | D:6      | Reached skill level 1 in Air Magic
  5695 | D:6      | Learned a level 3 spell: Mephitic Cloud
  5764 | D:6      | Reached skill level 5 in Fighting
  5801 | D:6      | Found a shimmering altar of Xom.
  5802 | D:6      | Found a hazy altar of Hepliaklqana.
  5803 | D:6      | Noticed a spectral ugly thing
  6183 | D:6      | Found an opulent altar of Gozag.
  6183 | D:6      | Found a stormy altar of Qazlal.
  6439 | D:7      | Gained mutation: Your touch may inflict irresistible damage
                  | on your foes. [demonic ancestry]
  6439 | D:7      | Reached XP level 9. HP: 48/69 MP: 16/16
  6587 | D:7      | Found an ancient bone altar of Kikubaaqudgha.
  7442 | D:8      | Noticed Erica
  7448 | D:8      | Noticed Psyche
  7456 | D:8      | Killed Erica
  7492 | D:7      | Identified the cursed +0 helmet of Supernal Understanding
                  | {Fort, Elem} (You found it on level 2 of the Dungeon)
  7492 | D:7      | Identified the cursed +0 robe of Star-Bound Wisdom {Cun,
                  | Fort}
  7492 | D:7      | Identified the cursed ring "Yoke of Ashenzari" {EV+4, Cun,
                  | Bglg} (You found it on level 4 of the Dungeon)
  7640 | D:8      | Killed Psyche
  7686 | D:8      | Gained mutation: When hurt, damage is shared between your
                  | health and your magic reserves. [demonic ancestry]
  7686 | D:8      | Reached XP level 10. HP: 68/79 MP: 17/17
  7866 | D:8      | Found a shimmering blue altar of Sif Muna.
  7872 | D:8      | Identified Sif Muna's Disquisition on Shape Shifting
  8339 | D:9      | Found a snail-covered altar of Cheibriados.
  8663 | D:9      | Identified the amulet of Suspicion {Spirit rPois SInv}
  8941 | D:10     | Entered Level 10 of the Dungeon
  8969 | D:10     | Reached skill level 5 in Air Magic
  9234 | D:10     | Found a hide-covered altar of Uskayaw.
  9489 | D:9      | Reached skill level 10 in Short Blades
  9623 | D:9      | Learned a level 4 spell: Airstrike
  9657 | D:10     | Found a staircase to the Orcish Mines.
 10016 | D:10     | Reached skill level 1 in Poison Magic
 10420 | D:10     | Learned a level 4 spell: Olgreb's Toxic Radiance
 10461 | D:11     | Noticed a cyclops
 10469 | D:11     | Found a gate leading to a gauntlet.
 10471 | D:11     | Killed a cyclops
 10479 | D:11     | Noticed a boulder beetle
 10483 | Gauntlet | Entered a Gauntlet
 10483 | Gauntlet | Noticed a death scarab
 10483 | Gauntlet | Found a transporter.
 10495 | Gauntlet | Found a transporter.
 10497 | Gauntlet | Found a transporter.
 10508 | Gauntlet | Found a transporter.
 10511 | Gauntlet | Found a transporter.
 10513 | Gauntlet | Noticed a torpor snail
 10514 | Gauntlet | Noticed a death yak
 10515 | Gauntlet | Noticed a death yak
 10516 | Gauntlet | Noticed a death yak
 10517 | Gauntlet | Noticed a death yak
 10518 | Gauntlet | Noticed a death yak
 10520 | Gauntlet | Noticed a death yak
 10524 | Gauntlet | Found a transporter.
 10526 | Gauntlet | Identified the -1 helmet of Wyw Robe {rN+ Str+4 Int-3
                  | Slay+5}
 10536 | Gauntlet | Identified the +2 hat of the Pit {rF+ Int+2}
 10537 | Gauntlet | Found a transporter.
 10552 | Gauntlet | Noticed a hell hog
 10553 | Gauntlet | Found a transporter.
 10557 | Gauntlet | Identified the +1 pair of gloves of the Pit {rCorr Dex+2}
 10560 | Gauntlet | Found a transporter.
 10562 | Gauntlet | Identified the +2 pair of boots of Muanig {rPois Stlth+}
 10575 | Gauntlet | Found a transporter.
 10584 | Gauntlet | Found a transporter.
 10587 | Gauntlet | Found a transporter.
 10636 | Gauntlet | Found a transporter.
 10849 | Gauntlet | Noticed a minotaur
 10866 | Gauntlet | Killed a minotaur
 10867 | Gauntlet | Reached skill level 5 in Poison Magic
 10867 | Gauntlet | Reached *** piety under Ashenzari
 10867 | Gauntlet | Gained mutation: Your touch may irresistibly damage your
                  | foes and sap their willpower. [demonic ancestry]
 10867 | Gauntlet | Reached XP level 11. HP: 57/86 MP: 4/20
 11005 | D:11     | Killed a boulder beetle
 11137 | D:11     | Noticed a two-headed ogre
 11147 | D:11     | Killed a two-headed ogre
 11215 | D:11     | Noticed a white ugly thing
 11249 | D:11     | Killed a white ugly thing
 11508 | D:11     | Found Waeleiv's Book Boutique.
 11536 | D:11     | Bought Great Wizards, Vol. II for 494 gold pieces
 11542 | D:11     | Learned a level 5 spell: Borgnjor's Vile Clutch
 11746 | D:11     | Found a staircase to the Lair.
 11767 | D:11     | Reached skill level 1 in Necromancy
 11810 | D:11     | Reached skill level 1 in Earth Magic
 12253 | Orc:1    | Entered Level 1 of the Orcish Mines
 12260 | Orc:1    | Noticed an orc sorcerer
 12262 | Orc:1    | Noticed an orc sorcerer
 12263 | Orc:1    | Noticed an orc knight
 12271 | Orc:1    | Killed an orc sorcerer
 12280 | Orc:1    | Noticed a sixfirhy
 12378 | D:10     | HP: 2/93 [troll[an orc knight] (5)]
 12390 | D:10     | Killed an orc sorcerer
 13078 | Orc:2    | Entered Level 2 of the Orcish Mines
 13090 | Orc:2    | Noticed an orc high priest
 13254 | Orc:2    | Killed an orc high priest
 13370 | Orc:2    | Found a runed translucent gate.
 13370 | Orc:2    | Found a runed translucent gate.
 13370 | Orc:2    | Found a runed translucent gate.
 13370 | Orc:2    | Noticed a merfolk javelineer
 13371 | Orc:2    | Noticed a tengu warrior
 13371 | Orc:2    | Noticed blank1's ghost (adept MiFi)
 13377 | Orc:2    | Noticed a centaur warrior
 13392 | Orc:2    | Noticed Maurice
 13431 | Orc:2    | Killed Maurice
 13578 | Orc:2    | Found an iron altar of Okawaru.
 13699 | Orc:2    | Noticed an orc sorcerer
 13702 | Orc:2    | Killed an orc sorcerer
 13703 | Orc:2    | Reached XP level 12. HP: 101/101 MP: 23/23
 13710 | Orc:2    | Found Ehubig's Assorted Antiques.
 13716 | Orc:2    | Found a staircase to the Elven Halls.
 13764 | Orc:2    | Noticed a two-headed ogre
 13764 | Orc:2    | Noticed a two-headed ogre
 13764 | Orc:2    | Noticed a two-headed ogre
 13764 | Orc:2    | Noticed a two-headed ogre
 13765 | Orc:2    | Found Tozxuf's Magic Scroll Shoppe.
 13765 | Orc:2    | Noticed an ogre mage
 13765 | Orc:2    | Noticed a two-headed ogre
 13765 | Orc:2    | Noticed an ogre mage
 13766 | Orc:2    | Noticed an ogre mage
 13767 | Orc:2    | Noticed an ogre mage
 13767 | Orc:2    | Noticed a two-headed ogre
 13768 | Orc:2    | Noticed a two-headed ogre
 13768 | Orc:2    | Noticed a two-headed ogre
 13768 | Orc:2    | Noticed a two-headed ogre
 13770 | Orc:2    | Noticed a two-headed ogre
 13774 | Orc:2    | Killed a two-headed ogre
 13774 | Orc:2    | Killed an ogre mage
 13775 | Orc:2    | Reached skill level 10 in Fighting
 13775 | Orc:2    | Reached skill level 5 in Necromancy
 13777 | Orc:2    | Killed an ogre mage
 13777 | Orc:2    | Killed a two-headed ogre
 13779 | Orc:2    | Killed a two-headed ogre
 13780 | Orc:2    | Reached skill level 5 in Earth Magic
 13780 | Orc:2    | Killed an ogre mage
 13781 | Orc:2    | Killed a two-headed ogre
 13784 | Orc:2    | Noticed a two-headed ogre
 13784 | Orc:2    | Killed a two-headed ogre
 13785 | Orc:2    | Killed a two-headed ogre
 13789 | Orc:2    | Killed a two-headed ogre
 13808 | Orc:2    | Killed a two-headed ogre
 13830 | Orc:2    | Killed a two-headed ogre
 14037 | Orc:2    | Killed a two-headed ogre
 14047 | Orc:2    | Noticed a two-headed ogre
 14059 | Orc:2    | Killed a two-headed ogre
 14066 | Orc:2    | Killed an ogre mage
 14079 | Orc:2    | Noticed a two-headed ogre
 14080 | Orc:2    | Killed a two-headed ogre
 14112 | Orc:2    | Killed a two-headed ogre
 14113 | Orc:2    | Reached XP level 13. HP: 49/111 MP: 6/24
 14363 | Orc:2    | Found Vymu's Distillery.
 14364 | Orc:2    | Found Poyxzoich's Armour Emporium.
 14364 | Orc:2    | Found Fyelurith's Jewellery Shop.
 14569 | Orc:2    | Upgraded the game from 0.28-a0-773-g130ae17fe5 to
                  | 0.28-a0-779-g3d1f99b579
 14618 | Orc:2    | Bought the +2 helmet of Death Resistance {Will+} for 352
                  | gold pieces
 15024 | Lair:1   | Entered Level 1 of the Lair of Beasts
 15116 | Orc:2    | Bought the amulet of the Air {Inacc Air Fly rElec RMsl} for
                  | 526 gold pieces
 15116 | Orc:2    | Found the amulet of the Air {Inacc Air Fly rElec RMsl}
 16361 | Lair:2   | Found a hole to the Spider Nest.
 16498 | Lair:2   | Reached skill level 5 in Dodging
 16785 | Lair:2   | Noticed Nergalle
 16796 | Lair:2   | Killed Nergalle
 17288 | Lair:2   | Reached **** piety under Ashenzari
 18587 | Lair:3   | Reached XP level 14. HP: 88/125 MP: 20/27
 18782 | Lair:3   | Reached ***** piety under Ashenzari
 19539 | Lair:4   | Found a staircase to the Shoals.
 19955 | Lair:4   | Reached skill level 1 in Shields
 20488 | Lair:4   | Found a blossoming altar of Fedhas.
 20709 | Lair:5   | Found a staircase to the Slime Pits.
 20997 | Lair:5   | Reached skill level 10 in Air Magic
 21122 | Lair:5   | Identified the +9 rapier of Ragnarok {vorpal, Contam rN+
                  | Str+6 Dex+3}
 21126 | Lair:5   | Noticed Rupert
 21146 | Lair:5   | Paralysed by Rupert for 3 turns
 21150 | Lair:5   | Killed Rupert
 21626 | Lair:6   | Entered Level 6 of the Lair of Beasts
 22836 | Lair:6   | Reached XP level 15. HP: 79/131 MP: 12/29
 23944 | Lair:6   | Learned a level 8 spell: Maxwell's Capacitive Coupling
 26129 | D:12     | Found an ancient bone altar of Kikubaaqudgha.
 26578 | D:13     | Found a gate to the Vaults.
 26993 | D:13     | Found a runed translucent gate.
 26994 | D:13     | Found a runed translucent gate.
 26995 | D:13     | Found a runed translucent gate.
 26995 | D:13     | Noticed an azure jelly
 26996 | D:13     | Noticed an acid blob
 26996 | D:13     | Noticed a rockslime
 26996 | D:13     | Noticed an acid blob
 26996 | D:13     | Noticed a rockslime
 26997 | D:13     | Noticed an azure jelly
 26997 | D:13     | Noticed an azure jelly
 26997 | D:13     | Noticed josh86's ghost (journeyman BaIE)
 26997 | D:13     | Noticed an azure jelly
 26998 | D:13     | Noticed an acid blob
 26998 | D:13     | Noticed an acid blob
 26998 | D:13     | Noticed an acid blob
 26999 | D:13     | Noticed an azure jelly
 27173 | D:13     | Found a viscous altar of Jiyva.
 27465 | D:14     | Identified the +9 rapier of Wiastut {vorpal, Str+2}
 27953 | Orc:2    | Bought the ring of the Bespelling Madman {Drain rPois rC+
                  | Str+3 Int+9} for 750 gold pieces
 28239 | D:14     | Learned a level 5 spell: Irradiate
 28325 | D:14     | Reached skill level 1 in Transmutations
 28877 | D:15     | Entered Level 15 of the Dungeon
 28954 | D:15     | Found a staircase to the Depths.
 28969 | D:15     | Reached XP level 16. HP: 83/140 MP: 10/32
 29594 | D:15     | Reached skill level 5 in Conjurations
 30451 | D:15     | Reached skill level 5 in Transmutations
 30986 | Spider:1 | Entered Level 1 of the Spider Nest
 31003 | Spider:1 | Noticed Aizul
 31015 | Spider:1 | Killed Aizul
 31562 | Spider:1 | Paralysed by a hornet for 1 turns
 32268 | Spider:2 | Reached skill level 1 in Evocations
 32883 | Spider:2 | Reached skill level 5 in Shields
 33724 | Spider:3 | Reached skill level 10 in Spellcasting
 34111 | Spider:3 | Gained mutation: You frequently emit foul miasma when
                  | damaged in melee. [demonic ancestry]
 34111 | Spider:3 | Reached XP level 17. HP: 140/147 MP: 35/35
 34271 | Spider:3 | Found a large runed translucent door.
 34271 | Spider:3 | Found a large runed translucent door.
 34275 | Spider:3 | Noticed Jomugh's ghost (adept MfAM)
 34283 | Spider:3 | Killed Jomugh's ghost
 34779 | Spider:4 | Entered Level 4 of the Spider Nest
 34901 | Spider:4 | Noticed Nikola
 34905 | Spider:4 | Killed Nikola
 35250 | Spider:4 | Reached skill level 10 in Dodging
 36645 | Spider:4 | Got a gossamer rune of Zot
 36749 | Spider:4 | Found a runed translucent gate.
 36750 | Spider:4 | Found a runed translucent gate.
 36750 | Spider:4 | Found a runed translucent gate.
 36751 | Spider:4 | Noticed Beorghan's ghost (adept MiBe)
 36751 | Spider:4 | Noticed Plog's ghost (adept MiBe)
 36752 | Spider:4 | Identified the ring of Pedoss {Fly rC- rN++ Str+4}
 37129 | Spider:4 | Identified the +0 kite shield "Ogofon" {+Blink Will- Dex+4}
 37136 | Spider:4 | Killed Plog's ghost
 37143 | Spider:4 | Killed Beorghan's ghost
 37467 | Orc:2    | Killed blank1's ghost
 38063 | Elf:1    | Entered Level 1 of the Elven Halls
 38080 | Elf:1    | Reached skill level 1 in Hexes
 38094 | Elf:1    | Found a portal to a secret trove of treasure.
 38154 | Elf:1    | Found a runed translucent gate.
 38155 | Elf:1    | Found a runed translucent gate.
 38155 | Elf:1    | Found a runed translucent gate.
 38155 | Elf:1    | Noticed Gerad's ghost (veteran VSAK)
 38156 | Elf:1    | Noticed frimble's ghost (journeyman TrWr)
 38156 | Elf:1    | Identified the +1 pair of boots of the Vaults {Dex+3}
 38185 | Elf:1    | Found a crumbling gateway.
 38541 | Desolati | Entered the Desolation of Salt
 38575 | Desolati | Identified the amulet "Fyurph" {rF+ Regen+ MP+9 Str+3}
 38577 | Desolati | Identified Sif Muna's Papyrus of Dark Magic and the Rocks
 38578 | Desolati | Identified the +0 leather armour of the Barnacle {rC+
                  | Dex+2}
 38610 | Desolati | Identified the ring of Doubts {rN++ rCorr AC+4 Str-4}
 39257 | Desolati | Identified the +3 leather armour of the Harvest {rElec
                  | Regen+}
 39257 | Desolati | Identified the Handbook of Battle Magic and Envenoming
 39279 | Desolati | Identified the +8 battleaxe "Ypporafo" {vorpal, Dex+2}
 39401 | Desolati | Gained mutation: You are mostly covered in large bone
                  | plates. (SH +6) [demonic ancestry]
 39401 | Desolati | Reached XP level 18. HP: 69/154 MP: 7/37
 39886 | Desolati | Identified Xaged's Incunabulum of the Frigorific Escort
 39886 | Desolati | Identified the Grimoire of Summoning
 39887 | Desolati | Identified the +9 hand axe "Usol" {drain, Fly Str+5}
 39913 | Desolati | Reached skill level 10 in Shields
 40152 | Desolati | Learned a level 5 spell: Freezing Cloud
 40556 | Elf:1    | Noticed Louise
 40606 | Elf:1    | Killed Louise
 41241 | Elf:1    | Killed frimble's ghost
 41250 | Elf:1    | Killed Gerad's ghost
 41357 | Elf:2    | Found a runed translucent gate.
 41358 | Elf:2    | Found a runed translucent gate.
 41359 | Elf:2    | Found a runed translucent gate.
 41570 | Elf:2    | Noticed a Brimstone Fiend
 41634 | Elf:2    | Found a runed translucent gate.
 41634 | Elf:2    | Found a runed translucent gate.
 41714 | Elf:2    | Found a runed translucent gate.
 41961 | Elf:3    | Entered Level 3 of the Elven Halls
 42191 | Elf:3    | Cast into level 2 of the Abyss (a deep elf sorcerer)
 42191 | Abyss:2  | Found an opulent altar of Gozag.
 42225 | Abyss:2  | Found a burning altar of Makhleb.
 42272 | Abyss:2  | Noticed a dread lich
 42584 | Abyss:2  | Gained mutation: You are completely covered in large bone
                  | plates. (SH +8) [demonic ancestry]
 42584 | Abyss:2  | Reached XP level 19. HP: 142/161 MP: 27/38
 42759 | Abyss:2  | Found a broken altar of Ashenzari.
 42851 | Elf:3    | Escaped the Abyss
 42858 | Elf:3    | Slain by a +8 glaive of venom

Illustrated notes

Levels and vault maps discovered:
D:1:      dpeg_arrival_rooms_with_view, layout_basic,
          chequers_serial_rivers_large_a
D:2:      layout_loops_ring
D:3:      layout_rooms, ashenzari_altar_1, mainiacjoe_overflow_surrounded_room,
          basic_ecumenical_altar
D:4:      layout_basic, marbit_many_paths, kennysheep_mini_moat,
          lemuel_another_geyser
D:5:      layout_basic, lemuel_doored_altar, nicolae_wu_jian_glorious_leap,
          nemelex_xobeh_ov_fountains_minmay
D:6:      layout_loops_ring, regret_index_temple_of_mockery,
          mainiacjoe_overflow_divided_tiny, minmay_temple_entry_junction,
          feat_on_display
D:7:      layout_basic, nicolae_kikubaaqudgha_miasma_corner,
          hangedman_decor_clover_reticule
D:8:      layout_cave_pools, led_sif_book, uniq_erica, uniq_psyche
D:9:      layout_long_grid, cheibriados_altar_1, patterned_corridor
D:10:     layout_irregular_city, eat_drink_and_be_merry_uskayaw, david_orc_3
D:11:     layout_gridville, due_lair_maze_entry_diamond, serial_shops,
          shop_fountains, gauntlet_entry_generic
D:12:     wander_kiku_kobolds, layout_basic, hangedman_parallel_progression
D:13:     layout_long_grid, david_vaults_4, gammafunk_ghost_ooze
D:14:     layout_irregular_city, serial_rivers, chequers_serial_rivers_room_b,
          chequers_serial_rivers_micro_c, chequers_serial_rivers_micro_a,
          chequers_serial_rivers_micro_b, minmay_misc_feat_plants
D:15:     gammafunk_enter_depths_forms, layout_rooms, serial_bayou,
          serial_bayou_shore_a, serial_bayou_pond_c, serial_bayou_shore_b,
          serial_bayou_pond_b, serial_bayou_shore_b
Lair:1:   minmay_lair_oklob_chamber, layout_cave_pods
Lair:2:   nzn_winding_woodlands_cross [nzn_winding_woodlands_5x15_jagged,
          nzn_winding_woodlands_5x15_pathside_ponds,
          nzn_winding_woodlands_5x15_garden, nzn_winding_woodlands_5x15_zeroes,
          nzn_winding_woodlands_15x15_killbox], layout_gridlike,
          spider_nest_entry_funnel_web, uniq_nergalle
Lair:3:   layout_regular_city, grunt_megastairs_2
Lair:4:   dpeg_oklob_gauntlet, layout_small_grid, minmay_shoals_entry_beasts,
          tgw_fedhas
Lair:5:   layout_loops_ring, nicolae_slime_entry_slimehenge, uniq_rupert
Lair:6:   due_jungle_book, layout_loops_ring, grunt_megastairs_4
Spider:1: layout_spider_delve, drop_trap, uniq_aizul
Spider:2: layout_spider_delve, nicolae_spider_bug_shape
Spider:3: layout_spider_delve, ebering_ghost_disaster_area
Spider:4: grunt_spider_rune_circles, gammafunk_ghost_cemetery, uniq_nikola
Orc:1:    layout_caves, basic_altar
Orc:2:    st_orc_ogre_mass, layout_diamond_mine, serial_shops,
          nicolae_shop_trees, gammafunk_ghost_fury_of_okawaru, uniq_maurice
Elf:1:    minmay_elf_arrival_summoners, layout_geoelf_grid,
          gammafunk_ghost_cemetery, nicolae_trove_entry_diagonal,
          portal_desolation_entry_holy_temple, evilmike_minifort, uniq_louise
Elf:2:    elven_hall_of_blades_hangedman_original [nicolae_blade_bullseye],
          layout_rooms, nicolae_gammafunk_elf_defective_weapons_storage
Elf:3:    minmay_elf_hall_x, layout_rooms,
          nicolae_elf_vaults_five_recruitment_drive, uniq_roxanne

Skill      XL: |  1  2  3  4  5  6  7  8  9 10 11 12 13 14 15 16 17 18 19 |
---------------+----------------------------------------------------------+-----
Fighting       | 1 2 3 4 5 7 9 11 12 13 | 13.1
Short Blades   | 1 2 3 4 5 7 9 10 | 10.0
Conjurations   | 2 4 6 |  6.9
Spellcasting   | 4 5 6 8 10 | 10.8
Air Magic      | 2 4 5 8 12 14 | 14.3
Dodging        | 2 4 7 8 9 12 14 | 14.3
Poison Magic   | 5 6 |  6.0
Necromancy     | 4 8 |  8.4
Earth Magic    | 4 7 |  7.0
Shields        | 4 5 9 12 | 12.5
Transmutations | 2 5 |  5.5
Evocations     | 3 |  3.1
Hexes          | 1 |  1.3
Stealth        | |  1.7
Summonings     | |  1.0
Translocations | |  0.8

Action                   |  1- 3 |  4- 6 |  7- 9 | 10-12 | 13-15 | 16-18 | 19-21 || total
-------------------------+-------+-------+-------+-------+-------+-------+-------++-------
Melee: Dagger            |    57 |   106 |   214 |   448 |  1320 |  1174 |   110 ||  3429
       Touch             |       |     4 |    39 |    93 |   313 |   307 |    27 ||   783
 Cast: Magic Dart        |    33 |    22 |    18 |    10 |     1 |       |       ||    84
       Mephitic Cloud    |       |       |     6 |    30 |     2 |     3 |       ||    41
       Olgreb's Toxic Ra |       |       |       |    24 |    44 |    54 |       ||   122
       Borgnjor's Vile C |       |       |       |     3 |   120 |   138 |     4 ||   265
       Airstrike         |       |       |       |       |    30 |     8 |       ||    38
       Maxwell's Capacit |       |       |       |       |    11 |    32 |     1 ||    44
       Irradiate         |       |       |       |       |       |    74 |     8 ||    82
       Freezing Cloud    |       |       |       |       |       |    32 |       ||    32
Invok: Curse Item        |       |     2 |     1 |     2 |     5 |       |     1 ||    11
       Shatter the Chain |       |       |       |     1 |     1 |     1 |       ||     3
Evoke: Wand              |       |       |       |     1 |       |    10 |       ||    11
       Condenser vane    |       |       |       |       |       |     1 |       ||     1
  Use: Scroll            |     2 |     3 |       |     2 |     1 |     2 |     1 ||    11
       Potion            |       |       |       |     5 |       |     4 |     3 ||    12
 Stab: Sleeping          |     2 |     2 |     5 |       |    32 |     6 |       ||    47
       Confused          |       |       |     5 |    27 |       |     1 |       ||    33
       Distracted        |       |       |       |     1 |       |     2 |     1 ||     4
       Invisible         |       |       |       |       |       |     2 |       ||     2
Armor: Robe              |    11 |    13 |    19 |    26 |       |       |       ||    69
       Steam dragon scal |       |       |       |     5 |   245 |   243 |       ||   493
       Leather armour    |       |       |       |       |       |    60 |    31 ||    91
Dodge: Dodged            |    27 |    60 |    91 |   222 |   893 |  1065 |   110 ||  2468
       Repelled          |       |       |       |       |     4 |    12 |     2 ||    18
Block: Other             |       |       |    27 |    47 |   148 |   207 |    54 ||   483

Table legend: (Time is in decaauts)
 A = Elapsed time spent in this place.
 B = Non-inter-level travel time spent in this place.
 C = Inter-level travel time spent in this place.
 D = Time resting spent in this place.
 E = Time spent auto-exploring this place.
 F = Levels seen in this place.
 G = Mean time per level.
                   A        B        C        D        E       F      G
               +--------+--------+--------+--------+--------+-----+--------+
         Total |  41296 |  38927 |   2369 |   4992 |  26593 |  33 | 1251.4 |
       Dungeon |  18735 |  17578 |   1157 |   1453 |  13520 |  15 | 1249.0 |
          Lair |   9198 |   8645 |    553 |    600 |   6747 |   6 | 1533.0 |
   Spider Nest |   5591 |   5380 |    211 |   1138 |   3087 |   4 | 1397.8 |
  Orcish Mines |   2797 |   2399 |    398 |    228 |   1666 |   2 | 1398.5 |
   Elven Halls |   2384 |   2335 |     49 |    375 |   1191 |   3 |  794.7 |
         Abyss |    564 |    564 |      0 |     35 |    256 |   1 |  564.0 |
    Desolation |   1527 |   1527 |      0 |    896 |     40 |   1 | 1527.0 |
      Gauntlet |    497 |    497 |      0 |    267 |     86 |   1 |  497.0 |
               +--------+--------+--------+--------+--------+-----+--------+

Top non-repeatable levels by time:
  Lair:2: 2259 daAuts
  Lair:6: 2187 daAuts
   Orc:2: 2069 daAuts
    D:12: 2068 daAuts
Spider:3: 1995 daAuts
    D:15: 1916 daAuts
    D:10: 1910 daAuts
  Lair:4: 1577 daAuts
    D:11: 1532 daAuts
   Elf:1: 1532 daAuts
Desolation: 1527 daAuts
Spider:2: 1494 daAuts
Spider:4: 1444 daAuts
     D:6: 1382 daAuts
     D:5: 1373 daAuts
